 Dungeon Crawl Stone Soup version 0.28-a0-816-gb054d885db (webtiles) character file.

Game seed: 18060856694569146058

67 vurker the Gusty (level 3, -1/15 HPs)
             Began as a Felid Air Elementalist on Nov 8, 2021.
             Killed by divine providence
             ... invoked by an orc priest
              (15 damage)
             ... on level 1 of the Dungeon.
             The game lasted 00:02:24 (2781 turns).

vurker the Gusty (Felid Air Elementalist)           Turns: 2781, Time: 00:02:25

Health: -1/15      AC:  1    Str:  4    XL:     3   Next: 98%
Magic:  3/8        EV: 17    Int: 17    God:
Gold:   8          SH:  0    Dex: 16    Spells: 6/7 levels left
                                        Lives:  0   Deaths: 0

rFire   . . .      SeeInvis +   (weapon unavailable)
rCold   . . .      Faith    .   (shield unavailable)
rNeg    . . .      Spirit   .   (armour unavailable)
rPois   .          Reflect  .   (helmet unavailable)
rElec   .          Harm     .   (cloak unavailable)
rCorr   .          Rampage  .   (gloves unavailable)
Will    .....                   (boots unavailable)
Stlth   ++........              (no amulet)
HPRegen 0.05/turn               (no ring)
MPRegen 0.11/turn               (no ring)

@: quick
A: very small, claws 1, fangs 3, see invisible, speed 1, shaggy fur 1, stealthy
paws, no weapons or thrown items, no armour, multi-lived
a: no special abilities


You were on level 1 of the Dungeon.
You visited 1 branch of the dungeon, and saw 2 of its levels.

You collected 8 gold pieces.

Inventory:

Scrolls
 a - a scroll of amnesia {unknown}
 b - a scroll of identify {unknown}
 e - a scroll of teleportation {unknown}
 f - a scroll of magic mapping {unknown}
Potions
 c - a potion of curing {unknown}
 d - 2 potions of resistance {unknown}


   Skills:
 + Level 1.1 Fighting
 - Level 2.6 Dodging
 - Level 2.6 Stealth
 * Level 2.8 Spellcasting
 + Level 1.5 Conjurations
 * Level 3.3 Air Magic


You had 6 spell levels left.
You knew the following spells:

 Your Spells              Type           Power      Damage    Failure   Level
a - Shock                 Conj/Air       40%        1d5       6%          1

Your spell library contained the following spells:

 Spells                   Type           Power      Damage    Failure   Level
 Static Discharge         Conj/Air       10%        N/A       10%         2
 Swiftness                Air            13%        N/A       14%         3
 Airstrike                Air            6%         N/A       41%         4


Dungeon Overview and Level Annotations

Branches:
Dungeon (2/15)

Altars:


Innate Abilities, Weirdness & Mutations

You have sharp claws.
You have razor-sharp teeth.
You have supernaturally acute eyesight. (SInv)
You cover ground quickly. (Speed+)
You are covered in fur. (AC +1)
Your paws help you pounce on unaware monsters.
You are incapable of wielding weapons or throwing items.
You cannot wear armour.
You gain extra lives every three experience levels.


Message History

Found a bubbling cyan potion.
An orc priest comes into view. It is wielding a +0 mace.
Aim: an orc priest, wielding a +0 mace and wearing a +0 leather armour (asleep, 100% to hit)
The zap hits the orc priest but does no damage.
The orc priest shouts!
You hear a shout! x2
An orc comes into view.
It is wielding a +0 dagger of electrocution.
The orc priest looks satisfied for a moment.
An orc priest is nearby!
The zap hits the orc priest.
The zap hits the orc priest but does no damage.
The zap misses the orc priest.
The zap hits the orc priest.
The zap misses the orc priest. x2; The orc priest hits you with a +0 mace.
The zap hits the orc priest. x2; The orc priest hits you with a +0 mace.
* * * LOW HITPOINT WARNING * * *
The zap hits the orc priest.
You kill the orc priest!
Your Fighting skill increases to level 1!
An orc priest is nearby!
The orc priest shouts!
There is a stone staircase leading up here.
The orc priest mumbles some strange prayers to Beogh against you.
Beogh smites you!
Ouch! That really hurt!
* * * LOW HITPOINT WARNING * * *
You climb upwards.
There is a stone staircase leading down here.
You start resting.
You climb downwards.
There is a stone staircase leading up here.
Aim: an orc priest, wielding a +0 club and wearing a +0 ring mail (72% to hit)
The zap hits the orc priest.
Aim: an orc priest, wielding a +0 club and wearing a +0 ring mail (moderately wounded, 72% to hit)
The zap hits the orc priest.
Aim: an orc priest, wielding a +0 club and wearing a +0 ring mail (moderately wounded, 72% to hit)
The zap hits the orc priest but does no damage.
The zap hits the orc wizard.
The orc wizard shouts!
You hear a shout!
Aim: an orc priest, wielding a +0 club and wearing a +0 ring mail (moderately wounded, 72% to hit)
The zap hits the orc priest but does no damage.
The zap hits the orc wizard.
The orc priest hits you with a +0 club.
You climb upwards.
There is a stone staircase leading down here.
Okay, then.
The orc priest closely misses you.
The zap hits the orc priest. x2
The orc priest calls down the wrath of Beogh upon you.
Beogh smites you!
Ouch! That really hurt!
You die...

#.#.#####..####.........#
#.#....##..#.....######.# #
#########.##..#.###.######.# #
......)....................######
#########........................
#..............##..............
#.############.################
#.# #>o............... #)#
#@#.......#....... #.#
#.#.......#......# #.#
#########.......#......# #.#
#.....# #..............# ###.#
#.....# #.........####.#
..#.######.....######.#....####.#
#.#.................[.#.........#
#.#####################.........#
#.# #............##..#........#


You could see an orc priest.

Vanquished Creatures
  An orc priest (D:2)
  A dart slug (D:1)
  6 endoplasms
  2 giant cockroaches
  A hobgoblin (D:1)
  2 jackals (D:1)
  3 quokkas
  2 ball pythons
  A bat (D:2)
  2 frilled lizards (D:1)
  3 goblins
  3 kobolds (D:1)
  7 rats (D:1)
34 creatures vanquished.

Notes
Turn   | Place    | Note
-------+----------+-------------------------------------------
     0 | D:1      | vurker the Felid Air Elementalist began the quest for the
                  | Orb.
     0 | D:1      | Reached XP level 1. HP: 7/7 MP: 4/4
    46 | D:1      | You fall into a shaft and drop 1 floor!
   309 | D:1      | You fall into a shaft and drop 1 floor!
   337 | D:2      | Reached skill level 1 in Conjurations
   402 | D:2      | Noticed an orc priest
   402 | D:2      | Noticed an orc wizard
   612 | D:1      | Reached XP level 2. HP: 12/12 MP: 1/6
  1056 | D:1      | Reached skill level 3 in Air Magic
  1739 | D:1      | Reached XP level 3. HP: 15/15 MP: 2/7
  1818 | D:1      | Found a faded altar of an unknown god.
  2429 | D:2      | Reached skill level 1 in Fighting
  2781 | D:1      | Killed from afar by an orc priest

Illustrated notes

Levels and vault maps discovered:
D:1:      onia_arrival_handbag, layout_basic, chequers_ecumenical_altar_lobes
D:2:      cheibrodos_pilgrimage, layout_rooms

Skill      XL: |  1  2  3 |
---------------+----------+-----
Conjurations   | 1 |  1.5
Air Magic      | 3 |  3.3
Fighting       | 1 |  1.1
Dodging        | |  2.6
Stealth        | |  2.6
Spellcasting   | |  2.8

Action                   || total
-------------------------++-------
Melee: Unarmed           ||    14
 Cast: Shock             ||    84
Armor: Skin              ||     1
Dodge: Dodged            ||    21

Table legend: (Time is in decaauts)
 A = Elapsed time spent in this place.
 B = Non-inter-level travel time spent in this place.
 C = Inter-level travel time spent in this place.
 D = Time resting spent in this place.
 E = Time spent auto-exploring this place.
 F = Levels seen in this place.
 G = Mean time per level.
                   A        B        C        D        E       F      G
               +--------+--------+--------+--------+--------+-----+--------+
         Total |   2561 |   2505 |     56 |    273 |   1974 |   2 | 1280.5 |
       Dungeon |   2561 |   2505 |     56 |    273 |   1974 |   2 | 1280.5 |
               +--------+--------+--------+--------+--------+-----+--------+

Top non-repeatable levels by time:
     D:1: 2038 daAuts
     D:2: 522 daAuts
